 Dungeon Crawl Stone Soup version 0.31-a0-188-g5e087ee2ca (webtiles) character file.

Game seed: 193002684255864271

1894 Conn the Sneak (level 9, -1/53 HPs)
             Began as an Octopode Fire Elementalist on June 23, 2023.
             Was a Follower of Sif Muna.
             Slain by a boulder beetle (53 damage)
             ... on level 6 of the Dungeon.
             The game lasted 00:11:09 (4877 turns).

Conn the Sneak (Octopode Fire Elementalist)         Turns: 4877, Time: 00:11:14

Health: -1/53      AC:  1    Str:  7    XL:     9   Next: 15%
Magic:  15/18      EV: 14    Int: 27    God:    Sif Muna [*.....]
Gold:   277        SH:  0    Dex: 19    Spells: 3/20 levels left

rFire   . . .        f - +0 dagger
rCold   + . .        (no shield)
rNeg    . . .        (helmet restricted)
rPois   .            x - amulet of the acrobat
rElec   .            b - +6 ring of intelligence
rCorr   .            k - ring of see invisible
SInv    +            m - +6 ring of dexterity
Will    .....        n - ring of protection from cold
Stlth   +++++        v - +4 ring of slaying
HPRegen 0.28/turn    (no ring)
MPRegen 0.16/turn    (no ring)
                     (no ring)

%: acrobat
@: no status effects
A: almost no armour, amphibious, 8 rings, camouflage 1, gelatinous body 1,
(nimble swimmer 1), tentacles
a: Renounce Religion, Channel Magic


You were on level 6 of the Dungeon.
You worshipped Sif Muna.
Sif Muna was aware of your devotion.
You visited 2 branches of the dungeon, and saw 7 of its levels.

You collected 277 gold pieces.

Inventory:

Hand Weapons
 f - a +0 dagger (weapon)
Missiles
 c - 13 poisoned darts
 w - a throwing net
Jewellery
 b - a +6 ring of intelligence (left tentacle)
 k - a ring of see invisible (right tentacle)
 m - a +6 ring of dexterity (on tentacle)
 n - a ring of protection from cold (on tentacle)
 v - a +4 ring of slaying (on tentacle)
 x - an amulet of the acrobat (around mantle)
Scrolls
 d - a scroll of identify {unknown}
 h - 2 scrolls of teleportation {unknown}
 i - 2 scrolls of amnesia {unknown}
 j - 2 scrolls of blinking {unknown}
 o - 2 scrolls of noise {unknown}
 p - a scroll of fog {unknown}
 r - a scroll of enchant armour {unknown}
Potions
 a - a potion of magic
 e - a potion of haste {unknown}
 g - 3 potions of curing {unknown}
 l - a potion of invisibility {unknown}
 q - 2 potions of berserk rage {unknown}
 s - a potion of enlightenment {unknown}
 t - a potion of brilliance {unknown}
 u - a potion of heal wounds {unknown}


   Skills:
 + Level 1.4 Fighting
 + Level 2.2 Short Blades
 + Level 2.8 Dodging
 - Level 7.1 Stealth
 * Level 6.4 Spellcasting
 + Level 4.2 Conjurations
 + Level 1.0 Hexes
 + Level 5.7 Fire Magic
 * Level 1.4 Earth Magic
 * Level 2.2 Invocations


You had 3 spell levels left.
You knew the following spells:

 Your Spells              Type           Power      Damage    Failure   Level
a - Foxfire               Conj/Fire      100%       2x1d9     1%          1
b - Scorch                Fire           78%        2d8       1%          2
c - Inner Flame           Hex/Fire       27%        N/A       4%          3
d - Flame Wave            Conj/Fire      35%        2d10      8%          4
e - Call Canine Familiar  Summ           8%         N/A       19%         3
f - Leda's Liquefaction   Hex/Erth       7%         N/A       36%         4

Your spell library contained the following spells:

 Spells                   Type           Power      Damage    Failure   Level
 Volatile Blastmotes      Fire/Tloc      48%        2d14      6%          3
 Portal Projectile        Hex/Tloc       22%        N/A       16%         3


Dungeon Overview and Level Annotations

Branches:
Dungeon (6/15)             Temple (1/1) D:4

Altars:
Ashenzari
Cheibriados
Dithmenos
Elyvilon
Fedhas
Hepliaklqana
Kikubaaqudgha
Makhleb
Nemelex Xobeh
Okawaru
Qazlal
Ru
Sif Muna
Trog
Vehumet
Wu Jian
Xom
Yredelemnul
Zin

Annotations:
D:6 Blork the orc


Innate Abilities, Weirdness & Mutations

You cannot wear most types of armour.
You are amphibious.
You can wear up to eight rings at the same time.
Your skin changes colour to match your surroundings (Stealth+).
Your rubbery body absorbs attacks. (AC +1, EV +1)
((You are camouflaged when in or above water. (Stealth+)))
You have tentacles for arms and can constrict up to eight enemies at once.


Message History

The sky beast is lightly wounded.
The foxfire hits the sky beast.
The sky beast is lightly wounded.
Unknown command.
Okay, then.
Unknown command.
Unknown command.
You can no longer call upon Sif Muna for magical energy.
Unknown command.
Unknown command.
Casting: Foxfire (safe; 1% risk of failure)
Confirm with . or Enter, or press ? or * to list all spells.
Aiming: Inner Flame (dangerous; 4% risk of failure)
Press: ? - help, Dir - move target, f - sky beast
Aim: a sky beast (steam, lightly wounded, chance to affect: 81%)
The sky beast is filled with an inner flame.
The sentinel's mark upon you fades away.
A kobold brigand comes into view.
It is wielding a +0 club and quivering curare-tipped darts.
The sky beast is engulfed in a cloud of scalding steam.
Flame seeps out of the sky beast.
Blork the orc casts a cantrip, but nothing happens.
The boulder beetle is engulfed in blazing flames.
The boulder beetle curls into a ball and begins rolling!
The sky beast is engulfed in blazing flames.
Sif Muna accepts your kill.
The sky beast explodes!
The fiery explosion engulfs the bullfrog!!
You kill the bullfrog!
Sif Muna accepts your kill.
You can now call upon Sif Muna for magical energy.
The boulder beetle is engulfed in blazing flames.
Unknown command.
Unknown command.
Casting: Inner Flame (dangerous; 4% risk of failure)
Confirm with . or Enter, or press ? or * to list all spells.
You feel less invigorated.
The boulder beetle is engulfed in blazing flames. x2
The boulder beetle hits you!!!
Ouch! That really hurt!
You die...

# ##########..
........... ###
#h........ ... #@.##
#.## ##B§## #...## #.
##§°###.....# #..
########§○#$......#...
hDOY5c†.☼○†## #..# #
########.o..## #..# #
####Ko###...# # .#...
#####o..#..# # ..#...
#.........##.##


You could see a boulder beetle (rolling, ally target), Blork the orc, a kobold
brigand, 2 orcs and a friendly hound (summoned).

Vanquished Creatures
  The ghost of ciphuk the Trooper, an amateur HONe (D:5)
  A water moccasin (D:5)
  2 ice beasts
  2 black bears (D:5)
  A sky beast (D:6)
  2 ogres (D:4)
  A centaur (D:6)
  A bullfrog (D:6)
  3 scorpions
  2 jellies
  4 hounds (D:5)
  4 iguanas
  Terence (D:3)
  A mummy (D:6)
  4 gnolls (D:5)
  13 adders
  2 shadow imps (D:6)
  An ufetubus (D:6)
  8 worms
  2 dart slugs
  4 orcs
  6 endoplasms
  4 giant cockroaches
  7 goblins
  7 hobgoblins
  3 jackals
  3 quokkas
  4 ball pythons
  10 bats
  3 frilled lizards
  8 kobolds
  3 rats
118 creatures vanquished.

Vanquished Creatures (collateral kills)
  An endoplasm (D:1)
  A goblin (D:1)
  A quokka (D:1)
  A frilled lizard (D:1)
  2 foxfires (D:3)
6 creatures vanquished.

Vanquished Creatures (others)
  An adder (D:6)
  A shadow imp (D:6)
  313 foxfires
315 creatures vanquished.

Grand Total: 439 creatures vanquished

Notes
Turn   | Place    | Note
-------+----------+-------------------------------------------
     0 | D:1      | Conn the Octopode Fire Elementalist began the quest for the
                  | Orb.
     0 | D:1      | Reached XP level 1. HP: 11/11 MP: 3/3
   181 | D:1      | Reached XP level 2. HP: 15/17 MP: 3/5
   552 | D:1      | Reached XP level 3. HP: 21/21 MP: 0/6
   734 | D:2      | Reached skill level 3 in Stealth
   750 | D:2      | Learned a level 2 spell: Scorch
   754 | D:2      | Learned a level 3 spell: Inner Flame
   853 | D:2      | Reached XP level 4. HP: 27/27 MP: 1/7
  1492 | D:3      | Noticed an air elemental
  1492 | D:3      | Found a stormy altar of Qazlal.
  1505 | D:3      | Noticed an earth elemental
  1570 | D:3      | Found a faded altar of an unknown god.
  1618 | D:3      | Noticed an ice beast
  1623 | D:3      | Killed an ice beast
  1624 | D:3      | Reached XP level 5. HP: 31/31 MP: 1/10
  1718 | D:3      | Found a sparkling altar of Nemelex Xobeh.
  1769 | D:3      | Noticed Terence
  1782 | D:3      | Killed Terence
  1783 | D:3      | Reached skill level 1 in Short Blades
  1783 | D:3      | Reached XP level 6. HP: 36/36 MP: 2/11
  1944 | D:3      | Found a white marble altar of Elyvilon.
  2188 | D:3      | Found an ornate altar of the Wu Jian Council.
  2262 | D:3      | Noticed a fire elemental
  2266 | D:3      | Noticed a water elemental
  2337 | D:3      | Found a basalt altar of Yredelemnul.
  2432 | D:3      | Found a snail-covered altar of Cheibriados.
  2547 | D:4      | Reached skill level 4 in Stealth
  2619 | D:4      | Found a bloodstained altar of Trog.
  2909 | D:4      | Found a staircase to the Ecumenical Temple.
  2922 | Temple   | Entered the Ecumenical Temple
  3019 | D:4      | Found a hazy altar of Hepliaklqana.
  3111 | D:4      | Reached XP level 7. HP: 42/42 MP: 13/13
  3157 | D:4      | Reached skill level 1 in Fighting
  3157 | D:4      | Reached skill level 5 in Stealth
  3282 | D:4      | Found a shimmering blue altar of Sif Muna.
  3288 | D:4      | Became a worshipper of Sif Muna the Loreminder
  3406 | D:5      | Entered Level 5 of the Dungeon
  3475 | D:5      | Found a runed translucent door.
  3490 | D:5      | Noticed ciphuk's ghost (amateur HONe)
  3500 | D:5      | Killed ciphuk's ghost
  3501 | D:5      | Reached skill level 6 in Stealth
  3517 | D:5      | Found a runed translucent door.
  3650 | D:5      | Reached skill level 5 in Fire Magic
  3650 | D:5      | Reached XP level 8. HP: 48/48 MP: 14/14
  3879 | D:5      | Reached skill level 7 in Stealth
  3944 | D:5      | Found an ancient bone altar of Kikubaaqudgha.
  3976 | D:5      | Reached skill level 5 in Spellcasting
  4078 | D:5      | Learned a level 4 spell: Flame Wave
  4082 | D:5      | Learned a level 3 spell: Call Canine Familiar
  4087 | D:5      | Learned a level 4 spell: Leda's Liquefaction
  4380 | D:5      | Found a glowing silver altar of Zin.
  4683 | D:6      | Noticed a boulder beetle
  4763 | D:6      | Found a shadowy altar of Dithmenos.
  4836 | D:6      | Reached skill level 1 in Invocations
  4868 | D:6      | Reached * piety under Sif Muna
  4869 | D:6      | Reached skill level 1 in Hexes
  4869 | D:6      | Reached skill level 1 in Earth Magic
  4869 | D:6      | Reached XP level 9. HP: 50/53 MP: 1/18
  4873 | D:6      | Noticed Blork the orc
  4877 | D:6      | Slain by a boulder beetle

Illustrated notes

Levels and vault maps discovered:
D:1:      minmay_arrival_stone_box, layout_rooms, st_stairs_3
D:2:      layout_loops_ring
D:3:      layout_loops_ring, nicolae_elyvilon_temple_path,
          nicolae_qazlal_style_of_elements, nzn_wu_jian_council_hall,
          nemelex_xobeh_ov_fountains_minmay, kennysheep_slug_shrine,
          mainiacjoe_overflow_alcove_1, shapermc_ecumenical_altar_starsandcircs,
          uniq_terence
D:4:      layout_loops_ring, kennysheep_little_box,
          mainiacjoe_overflow_concentric_impassable, led_sif_pool, temple_hall
D:5:      layout_basic, zin_academy, mainiacjoe_overflow_brackets,
          ebering_ghost_sewer_f, due_unseen_surprise
D:6:      hangedman_cross_stitches, layout_loops_ring,
          nicolae_gozag_cash_rules_everything_around_me,
          grunt_dithmenos_shadows, serial_shops, nicolae_shop_behind_doors,
          nicolae_ossuary_entry_giza, roderic_lattice_a, uniq_sigmund,
          uniq_blork_the_orc
Temple:   nicolae_temple_little_seven

Skill      XL: |  1  2  3  4  5  6  7  8 |
---------------+-------------------------+-----
Stealth        | 3 4 6 7 |  7.1
Conjurations   | 2 3 4 |  4.2
Spellcasting   | 3 4 6 |  6.4
Fire Magic     | 4 5 |  5.7
Short Blades   | 1 2 |  2.2
Fighting       | 1 |  1.4
Invocations    | 2 |  2.2
Hexes          | 1 |  1.0
Earth Magic    | 1 |  1.4
Dodging        | |  2.8

Action                     |  1- 3 |  4- 6 |  7- 9 || total
---------------------------+-------+-------+-------++-------
  Melee: Unarmed           |     6 |       |       ||     6
         Constrict         |     7 |    10 |     8 ||    25
         Tentacles         |     4 |     6 |     7 ||    17
         Dagger            |    17 |    45 |    20 ||    82
         Punch             |       |       |     1 ||     1
   Cast: Foxfire           |    42 |    67 |    74 ||   183
         Scorch            |       |     3 |    13 ||    16
         Inner Flame       |       |     2 |     5 ||     7
         Call Canine Famil |       |       |     1 ||     1
 Invoke: Channel Magic     |       |       |     1 ||     1
    Use: Scroll            |     1 |       |       ||     1
   Stab: Sleeping          |       |    10 |     3 ||    13
 Armour: Skin              |     1 |     2 |     1 ||     4
  Dodge: Dodged            |    16 |    24 |    32 ||    72

Table legend: (Time is in decaauts)
 A = Elapsed time spent in this place.
 B = Non-inter-level travel time spent in this place.
 C = Inter-level travel time spent in this place.
 D = Time resting spent in this place.
 E = Time spent auto-exploring this place.
 F = Levels seen in this place.
 G = Mean time per level.
                   A        B        C        D        E       F      G
               +--------+--------+--------+--------+--------+-----+--------+
         Total |   4868 |   4779 |     89 |      0 |   3481 |   7 |  695.4 |
       Dungeon |   4845 |   4756 |     89 |      0 |   3481 |   6 |  807.5 |
        Temple |     22 |     22 |      0 |      0 |      0 |   1 |   22.0 |
               +--------+--------+--------+--------+--------+-----+--------+

Top non-repeatable levels by time:
     D:5: 1317 daAuts
     D:3: 1005 daAuts
     D:4: 881 daAuts
     D:2: 855 daAuts
     D:1: 634 daAuts
     D:6: 150 daAuts
  Temple: 22 daAuts
